 Dungeon Crawl Stone Soup version 0.21.1-1-g345015fe64 (webtiles) character file.

91065 Peloso the Peltast (level 15, -5/141 HPs)
             Began as a Minotaur Fighter on June 28, 2018.
             Was the Champion of Okawaru.
             Killed from afar by a blizzard demon (30 damage)
             ... with a bolt of cold
             ... on level 5 of the Abyss.
             The game lasted 00:55:41 (22010 turns).

Peloso the Peltast (Minotaur Fighter)              Turns: 22010, Time: 00:55:42

Health: -5/141     AC: 26    Str: 28    XL:     15   Next: 54%
Magic:  15/15      EV:  7    Int:  5    God:    Okawaru [******]
Gold:   1771       SH: 20    Dex: 12    Spells: 14/14 levels left

rFire    + . .     SeeInvis .   a - +6 demon blade (freeze)
rCold    x . .     Gourm    .   c - +0 shield
rNeg     . . .     Faith    .   k - +0 crystal plate armour of Beyond {rCorr}
rPois    .         Spirit   .   w - +1 hat of Terror {+Inv}
rElec    .         Reflect  +   P - scarf {cloud immunity}
rCorr    +         Harm     .   (no gloves)
MR       +....                  C - +1 pair of boots {Fly}
Stlth    ..........             Q - +4 amulet of reflection
HPRegen  0.00/turn              E - ring of fire
MPRegen  0.14/turn              A - +3 ring of strength

@: flying, non-regenerating, mildly diseased, studying Shields
A: retaliatory headbutt, horns 2
a: Heroism, Finesse, Renounce Religion, Evoke Invisibility, Stop Flying


You were on level 5 of the Abyss.
You worshipped Okawaru.
Okawaru was exalted by your worship.
You were hungry.

You visited 4 branches of the dungeon, and saw 23 of its levels.
You visited the Abyss 1 time.
You also visited: Ossuary.

You collected 1839 gold pieces.
You spent 68 gold pieces at shops.

Inventory:

Hand Weapons
 a - a +6 demon blade of freezing (weapon)
 b - a +3 scimitar of flaming
Armour
 c - a +0 shield (worn)
 k - the +0 crystal plate armour of Beyond (worn) {rCorr}
   (Okawaru gifted it to you on level 2 of the Lair of Beasts)

   It protects you from acid and corrosion.
 w - the +1 hat of Terror (worn) {+Inv}
   (You acquired it on level 5 of the Lair of Beasts)

   It lets you turn invisible.
 C - a +1 pair of boots of flying (worn)
 P - a scarf of cloud immunity (worn)
Jewellery
 l - an uncursed ring of stealth
 q - a +6 ring of evasion
 A - a +3 ring of strength (right hand)
 E - a ring of fire (left hand)
 I - an uncursed ring of protection from fire {unknown}
 J - a cursed ring of teleportation {unknown}
 M - an uncursed amulet of regeneration
 Q - a +4 amulet of reflection (around neck)
Wands
 m - a wand of digging (28)
 n - a wand of clouds (14)
 s - a wand of iceblast (8)
 v - a wand of scattershot (6)
Scrolls
 g - 7 scrolls of teleportation
 h - a scroll of amnesia
 i - 4 scrolls of magic mapping
 r - a scroll of enchant weapon
 u - 11 scrolls of remove curse
 y - 3 scrolls of fear
 B - 9 scrolls of identify
 G - a scroll of brand weapon
Potions
 d - 3 potions of might
 j - 2 potions of haste
 o - 2 potions of resistance
 p - 9 potions of heal wounds
 t - 8 potions of curing
 x - 2 potions of flight
 z - 2 potions of agility
 D - a potion of magic
 L - a potion of invisibility
Books
 e - a book of Battle

   Spells                             Type                      Level
   a - Infusion                       Charms                       1
   b - Shroud of Golubria             Charms/Translocation         2
   c - Song of Slaying                Charms                       2
   d - Spectral Weapon                Hexes/Charms                 3
   e - Regeneration                   Charms/Necromancy            3
 F - a manual of Shields
Comestibles
 f - 36 rations


   Skills:
 + Level 15.2 Fighting
 + Level 17.6 Long Blades
 + Level 14.4 Armour
 + Level 2.7 Dodging
 + Level 1.5 Stealth
 + Level 18.4 Shields
 + Level 2.2 Invocations


You had 14 spell levels left.
You didn't know any spells.

Dungeon Overview and Level Annotations

Branches:
Dungeon (14/15)            Temple (1/1) D:5            Lair (6/6) D:11
  Swamp (0/4) Lair:2       Spider (0/4) Lair:2        Slime (0/5) Lair:5
    Orc (2/2) D:10            Elf (0/3) Orc:2        Vaults (0/5) D:14

Altars:
Ashenzari
Cheibriados
Dithmenos
Elyvilon
Fedhas
Kikubaaqudgha
Nemelex Xobeh
Okawaru
Ru
Sif Muna
Wu Jian
Yredelemnul
The Shining One
Beogh

Shops:
D:4 :   D:5 *   D:7 !   D:10 :   D:13 (   Orc:2 [*(=(

Annotations:
D:14 Louise


Innate Abilities, Weirdness & Mutations

You reflexively headbutt those who attack you in melee.
You have a pair of horns on your head.


Message History

You headbutt the blizzard demon, but do no damage.
You hit the blizzard demon but do no damage.
You block the blizzard demon's attack. x2
You hit the blizzard demon but do no damage.
You headbutt the blizzard demon.
The blizzard demon is lightly wounded.
You closely miss the blizzard demon.
Your headbutt misses the blizzard demon.
The blizzard demon is lightly wounded.
The blizzard demon hits you but does no damage.
You block the blizzard demon's attack. The smoke demon gestures at you.
Something smites you!
* * * LOW HITPOINT WARNING * * *
You slice the blizzard demon!! You freeze the blizzard demon.
You headbutt the blizzard demon, but do no damage.
The blizzard demon is heavily wounded.
The blizzard demon gestures at you. The bolt of cold hits you!
You feel a terrible chill!
You die...

. ### .#.#
#.###.....
#.#@....#3# #
...#2###.# ### .
###.#3#.# ...#.
# ###...3.#.# #
# #..#.. ##.
..## #.
###≈#.#.#.##..#.
# ..#.≈.#. # # #
≈≈≈≈≈≈≈≈≈##..#
## ..#..#...##(#
.


You could see a blizzard demon and a smoke demon.

Vanquished Creatures
  Frances (D:14)
  An orc warlord (Orc:2)
  A reaper (Abyss:4)
  Azrael (D:13)
  A lorocyproca (Abyss:4)
  An ogre mage (D:14)
  A green death (Abyss:5)
  4 vault guards (D:14)
  Harold (D:10)
  A rakshasa (Abyss:5)
  4 catoblepae
  7 hydras
  A centaur warrior (D:13)
  5 two-headed ogres
  A dancing weapon (Abyss:3)
  12 death yaks
  Urug (Lair:4)
  A thrashing horror (Abyss:5)
  2 orc high priests
  2 unseen horrors
  A lindwurm (Lair:6)
  4 orc knights
  4 orc sorcerers
  3 ugly things
  4 cyclopes
  3 manticores
  A deep elf mage (D:12)
  4 black mambas
  A gargoyle (D:11)
  4 elephants (Lair:4)
  6 centaur skeletons
  A torpor snail (Lair:1)
  A kobold demonologist (D:12)
  An efreet (D:13)
  10 spiny frogs
  A rime drake (Lair:4)
  13 komodo dragons
  2 yaktaurs (D:14)
  3 ancient zymes (Abyss:5)
  A tengu conjurer (D:14)
  6 trolls
  A polar bear (Lair:6)
  6 blink frogs
  5 dream sheep (Lair:6)
  A meliai zombie (D:14)
  2 raiju (Abyss:5)
  8 hippogriffs
  A spriggan (D:7)
  57 yaks
  3 shadows
  2 wyverns
  7 basilisks
  4 fire elementals
  2 chaos spawn
  A neqoxec (Abyss:5)
  A hungry ghost (D:14)
  3 vampire mosquitoes (D:13)
  2 swamp worms (Lair:2)
  6 wargs
  A soldier ant (D:8)
  2 hell hounds (D:13)
  15 water moccasins
  9 porcupines
  34 orc warriors
  4 ice beasts
  A black bear (D:12)
  4 small abominations
  The ghost of patthesweetcat the Skirmisher, an amateur HOBe of Trog (D:3)
  5 sky beasts
  An eye of draining (D:12)
  14 ogres
  26 wolves
  A phantom (D:11)
  7 centaurs
  9 crocodiles
  A gnoll sergeant (D:9)
  9 bullfrogs
  2 wyvern skeletons
  5 scorpions
  6 killer bees (D:7)
  10 wights
  An electric eel (D:7)
  5 howler monkeys
  4 crimson imps
  3 bullfrog zombies
  3 centaur zombies
  5 jellies
  6 hounds
  4 human zombies (Ossuary)
  2 quasits
  22 orc priests
  35 orc wizards
  3 bullfrog skeletons
  Jessica (D:2)
  An iguana (D:5)
  15 worker ants
  2 big kobold zombies (Ossuary)
  The ghost of Sapher the Grave Robber, a weakling GnNe (D:4)
  3 hound skeletons
  2 mummies (Ossuary)
  8 gnolls
  A howler monkey skeleton (D:7)
  13 adders
  2 shadow imps
  An ooze (D:1)
  An adder zombie (D:5)
  5 worms
  2 dart slugs
  5 leopard geckos
  84 orcs
  7 bats
  A giant cockroach (D:4)
  2 gnoll zombies (D:5)
  7 goblins
  8 hobgoblins
  7 jackals (D:5)
  5 quokkas
  2 ball pythons
  A ball python skeleton (D:6)
  5 frilled lizards
  A goblin zombie (Ossuary)
  7 hobgoblin zombies (Ossuary)
  2 jackal zombies (Ossuary)
  6 kobolds
  10 kobold zombies (Ossuary)
  9 orc zombies (Ossuary)
  A quokka skeleton (D:4)
  A quokka zombie (D:7)
  8 rats
  2 rat zombies (Ossuary)
  A plant (Lair:6)
735 creatures vanquished.

Vanquished Creatures (others)
  A cyclops (Orc:2)
  A human (D:14)
  A warg (Orc:2)
  10 fungi
  4 plants (Lair:6)
17 creatures vanquished.

Grand Total: 752 creatures vanquished

Notes
Turn   | Place    | Note
-------+----------+-------------------------------------------
     0 | D:1      | Peloso the Minotaur Fighter began the quest for the Orb.
     0 | D:1      | Reached XP level 1. HP: 19/19 MP: 0/0
   304 | D:1      | Reached XP level 2. HP: 26/27 MP: 1/1
   717 | D:2      | Reached skill level 4 in Shields
   750 | D:2      | Reached XP level 3. HP: 32/33 MP: 2/2
   901 | D:2      | Noticed Jessica
   907 | D:2      | Killed Jessica
   907 | D:2      | Reached XP level 4. HP: 35/40 MP: 3/3
  1932 | D:3      | Noticed patthesweetcat's ghost (amateur HOBe)
  1953 | D:3      | Killed patthesweetcat's ghost
  1953 | D:3      | Reached skill level 5 in Armour
  1953 | D:3      | Reached XP level 5. HP: 38/47 MP: 4/4
  2218 | D:3      | Reached XP level 6. HP: 53/55 MP: 5/5
  2246 | D:3      | Reached skill level 5 in Fighting
  2246 | D:3      | Reached skill level 5 in Long Blades
  2491 | D:3      | Found a sparkling altar of Nemelex Xobeh.
  2520 | D:4      | Reached skill level 5 in Shields
  2533 | D:4      | Noticed Sapher's ghost (weakling GnNe)
  2663 | D:4      | Killed Sapher's ghost
  2742 | D:4      | Reached XP level 7. HP: 48/61 MP: 6/6
  2860 | D:4      | Found Homihed's Book Boutique.
  3056 | D:4      | Found the +7 great mace "Firestarter" {inner flame, rF++}
  3200 | D:5      | Entered Level 5 of the Dungeon
  3204 | D:5      | Reached skill level 6 in Shields
  3227 | D:5      | Found a sand-covered staircase.
  3232 | Ossuary  | Entered an ossuary
  3527 | D:5      | Reached XP level 8. HP: 51/70 MP: 7/7
  3540 | D:5      | Reached skill level 1 in Dodging
  3728 | D:5      | Reached skill level 7 in Shields
  4180 | D:5      | Found a staircase to the Ecumenical Temple.
  4211 | D:5      | Found a basalt altar of Yredelemnul.
  4326 | Temple   | Entered the Ecumenical Temple
  4383 | Temple   | Became a worshipper of Warmaster Okawaru
  4466 | D:5      | Found Utwuc's Assorted Antiques.
  5111 | D:6      | Reached * piety under Okawaru
  5111 | D:6      | Reached XP level 9. HP: 78/78 MP: 8/8
  5113 | D:6      | Found a snail-covered altar of Cheibriados.
  5371 | D:7      | Found Godi's Distillery.
  5560 | D:7      | Reached skill level 8 in Shields
  6109 | D:7      | Reached skill level 10 in Long Blades
  6159 | D:8      | Noticed a two-headed ogre
  6446 | D:8      | Found a blossoming altar of Fedhas.
  6551 | D:8      | Killed a two-headed ogre
  6551 | D:8      | Reached ** piety under Okawaru
  6571 | D:8      | Noticed a two-headed ogre
  6585 | D:8      | Killed a two-headed ogre
  6585 | D:8      | Reached skill level 9 in Shields
  6585 | D:8      | Reached XP level 10. HP: 73/86 MP: 6/9
  6598 | D:8      | Reached *** piety under Okawaru
  7352 | D:9      | Reached skill level 1 in Invocations
  7561 | D:9      | Reached **** piety under Okawaru
  7729 | D:9      | Noticed a two-headed ogre
  7747 | D:9      | Killed a two-headed ogre
  8060 | D:10     | Entered Level 10 of the Dungeon
  8060 | D:10     | Found a staircase to the Orcish Mines.
  8092 | D:10     | Reached XP level 11. HP: 91/97 MP: 10/10
  8139 | D:10     | Reached ***** piety under Okawaru
  8200 | D:10     | Reached skill level 10 in Shields
  8273 | D:10     | Noticed Harold
  8303 | D:10     | Killed Harold
  8480 | D:10     | Found Afucouv's Book Emporium.
  8830 | D:10     | Identified 2 scrolls of acquirement
  8985 | D:11     | Found a staircase to the Lair.
  9074 | D:11     | Reached skill level 10 in Armour
  9363 | D:11     | Noticed a two-headed ogre
  9377 | D:11     | Killed a two-headed ogre
  9483 | D:11     | Killed an unseen horror
  9705 | D:11     | Reached skill level 11 in Shields
 10002 | D:11     | Reached ****** piety under Okawaru
 10092 | D:12     | Received a gift from Okawaru
 10092 | D:12     | Reached skill level 10 in Fighting
 10173 | D:12     | Noticed a purple ugly thing
 10180 | D:12     | Killed a purple ugly thing
 10337 | D:12     | Noticed a deep elf mage
 10342 | D:12     | Killed a deep elf mage
 10342 | D:12     | Reached XP level 12. HP: 103/106 MP: 11/11
 10871 | D:13     | Noticed a two-headed ogre
 10882 | D:13     | Killed a two-headed ogre
 10882 | D:13     | Reached skill level 12 in Shields
 10938 | D:13     | Found Cuton's Antique Weapon Shop.
 11039 | D:13     | Noticed a catoblepas
 11064 | D:13     | Killed a catoblepas
 11101 | D:13     | Got a warped rapier
 11102 | D:13     | Identified the +4 rapier of Ycodegiy {speed, -Tele rElec Dex+4} (You found it on level 13 of the Dungeon)
 11241 | D:13     | Noticed a centaur warrior
 11260 | D:13     | Killed a centaur warrior
 11260 | D:13     | Received a gift from Okawaru
 11557 | D:13     | Noticed Azrael
 11779 | D:13     | Killed Azrael
 11928 | D:13     | Reached skill level 15 in Long Blades
 12037 | Lair:1   | Entered Level 1 of the Lair of Beasts
 12289 | Lair:1   | Reached XP level 13. HP: 102/117 MP: 11/13
 13216 | Lair:2   | Reached skill level 13 in Shields
 13273 | Lair:2   | Found a hole to the Spider Nest.
 13547 | Lair:2   | Found a staircase to the Swamp.
 13871 | Lair:2   | Received a gift from Okawaru
 13887 | Lair:2   | Got a bloodstained crystal plate armour {god gift}
 13893 | Lair:2   | Identified the +0 crystal plate armour of Beyond {rCorr} (Okawaru gifted it to you on level 2 of the Lair of Beasts)
 14573 | Lair:3   | Reached skill level 1 in Stealth
 15655 | Lair:4   | Noticed Urug
 15673 | Lair:4   | Reached skill level 14 in Shields
 15681 | Lair:4   | Killed Urug
 15981 | Lair:4   | Got an ichor-stained quarterstaff
 15982 | Lair:4   | Identified the cursed +1 quarterstaff "Mudiz" {speed, Fragile Int+3 Dex+4} (You found it on level 4 of the Lair of Beasts)
 16423 | Lair:5   | Found a staircase to the Slime Pits.
 16916 | Lair:5   | Received a gift from Okawaru
 16921 | Lair:5   | Reached XP level 14. HP: 73/129 MP: 14/14
 16926 | Lair:5   | You are sucked into a shaft!
 16926 | Lair:6   | Entered Level 6 of the Lair of Beasts
 17351 | Lair:5   | Got a heavily runed hat
 17362 | Lair:5   | Identified the +1 hat of Terror {+Inv} (You acquired it on level 5 of the Lair of Beasts)
 17611 | Lair:6   | Reached skill level 15 in Shields
 17907 | Lair:6   | Received a gift from Okawaru
 18929 | Orc:1    | Entered Level 1 of the Orcish Mines
 18967 | Orc:1    | Reached skill level 16 in Shields
 19432 | Orc:2    | Entered Level 2 of the Orcish Mines
 19500 | Orc:2    | Found a staircase to the Elven Halls.
 19731 | Orc:2    | Found Keedium's Antique Weapon Emporium.
 19881 | Orc:2    | Noticed an orc warlord
 19912 | Orc:2    | Killed an orc warlord
 19912 | Orc:2    | Received a gift from Okawaru
 20222 | Orc:2    | Found a roughly hewn altar of Beogh.
 20235 | Orc:2    | Reached XP level 15. HP: 104/139 MP: 15/15
 20653 | Orc:2    | Reached skill level 17 in Shields
 20663 | Orc:2    | Found Ofyidot's General Store.
 20680 | Orc:2    | Bought a potion of might for 68 gold pieces
 20688 | Orc:2    | Found Bap Wycellej's Jewellery Boutique.
 20692 | Orc:2    | Found Naurun's Antique Weapon Boutique.
 20709 | Orc:2    | Found Ticlor's Antique Armour Boutique.
 20890 | Orc:2    | Found a roughly hewn altar of Beogh.
 21170 | D:14     | Found a snail-covered altar of Cheibriados.
 21284 | D:14     | Noticed Frances
 21298 | D:14     | Killed Frances
 21529 | D:14     | Found a gate to the Vaults.
 21658 | D:14     | Noticed Louise
 21660 | D:14     | Cast into level 3 of the Abyss (Louise)
 21691 | Abyss:3  | Reached skill level 15 in Fighting
 21787 | Abyss:4  | Reached skill level 18 in Shields
 21807 | Abyss:5  | Entered Level 5 of the Abyss
 21969 | Abyss:5  | Received a gift from Okawaru
 22010 | Abyss:5  | Killed from afar by a blizzard demon

Skill      XL: |  1  2  3  4  5  6  7  8  9 10 11 12 13 14 15 |
---------------+----------------------------------------------+-----
Fighting       | 4 5 6 7 9 10 11 13 14 15 | 15.2
Armour         | 4 5 7 8 9 11 12 13 14 | 14.4
Shields        | 4 5 6 7 9 11 12 14 16 18 | 18.4
Long Blades    | 3 4 5 7 9 11 13 14 15 17 | 17.6
Dodging        | 1 2 |  2.7
Invocations    | 1 2 |  2.2
Stealth        | 1 |  1.5

Action                   |  1- 3 |  4- 6 |  7- 9 | 10-12 | 13-15 || total
-------------------------+-------+-------+-------+-------+-------++-------
Melee: Long sword        |    72 |   172 |   387 |   287 |       ||   918
       Headbutt          |    11 |    29 |    93 |   177 |   289 ||   599
       Scimitar          |       |       |       |   410 |   407 ||   817
       Demon blade       |       |       |       |       |   690 ||   690
Invok: Heroism           |       |       |     3 |     4 |     5 ||    12
  Use: Scroll            |       |    10 |     6 |    12 |     5 ||    33
       Potion            |       |       |       |       |     1 ||     1
  Eat: Chunk             |       |     6 |     6 |    19 |    24 ||    55
       Ration            |       |       |     2 |       |     2 ||     4
Armor: Scale mail        |    28 |    10 |       |       |       ||    38
       Plate armour      |       |    70 |   116 |   235 |    18 ||   439
       Crystal plate arm |       |       |       |       |   363 ||   363
Dodge: Dodged            |    16 |    41 |   134 |   229 |   249 ||   669
Block: Shield            |    22 |   103 |   202 |   386 |   837 ||  1550
       Reflection        |       |       |       |       |    30 ||    30
       Rpst.: Long sword |     3 |    10 |    38 |    27 |       ||    78
       Scimitar          |       |       |       |    43 |    37 ||    80
       Demon blade       |       |       |       |       |    23 ||    23
